 Dungeon Crawl Stone Soup version 0.24.0-123-gd5b16e6ec5 (webtiles) character file.

Game seed: 16092596514396118348, levelgen mode: deterministic

165 Norian the Conjurer (level 5, -2/28 HPs)
             Began as a Deep Elf Conjurer on Dec 26, 2019.
             Slain by an ice beast (4 damage)
             ... on level 3 of the Dungeon.
             The game lasted 00:04:59 (2986 turns).

Norian the Conjurer (Deep Elf Conjurer)             Turns: 2986, Time: 00:05:00

Health: -2/28      AC:  2    Str:  6    XL:     5   Next: 21%
Magic:  2/14       EV: 13    Int: 20    God:
Gold:   174        SH:  0    Dex: 15    Spells: 5/14 levels left

rFire    . . .     SeeInvis .   k - +2 short sword (protect)
rCold    . . .     Gourm    .   (no shield)
rNeg     . . .     Faith    .   a - +0 robe
rPois    .         Spirit   .   i - -1 helmet (curse)
rElec    .         Reflect  .   (no cloak)
rCorr    .         Harm     +   (no gloves)
MR       .....                  (no boots)
Stlth    +++.......             l - amulet of harm
HPRegen  0.09/turn              p - ring of stealth
MPRegen  0.14/turn              (no ring)

@: no status effects
A: no striking features
a: no special abilities


You were on level 3 of the Dungeon.
You were very hungry.

You visited 1 branch of the dungeon, and saw 4 of its levels.

You collected 174 gold pieces.

Inventory:

Hand Weapons
 k - a +2 short sword of protection (weapon)
Armour
 a - a +0 robe (worn)
 i - a cursed -1 helmet (worn)
 m - a cursed +0 helmet
 q - a +2 ring mail of poison resistance
Jewellery
 l - an amulet of harm (around neck)
 p - a ring of stealth (left hand)
Wands
 o - a wand of polymorph (8)
Scrolls
 b - 2 scrolls of identify {unknown}
 d - a scroll of remove curse {unknown}
 f - a scroll of fear
 g - 2 scrolls of teleportation
 h - 2 scrolls of amnesia {unknown}
 r - a scroll of blinking {unknown}
Potions
 e - 2 potions of heal wounds {unknown}
 j - 2 potions of invisibility {unknown}
 n - 2 potions of lignification {unknown}
Comestibles
 c - 9 rations


   Skills:
 - Level 2.4 Dodging
 - Level 2.4 Stealth
 + Level 5.4 Spellcasting
 + Level 5.8 Conjurations
 + Level 1.8 Hexes


You had 5 spell levels left.
You knew the following spells:

 Your Spells              Type           Power        Failure   Level  Hunger
a - Magic Dart            Conj           ####         1%          1    None
b - Iskenderun's Mystic   Conj           ####....     10%         4    ####...
c - Fulminant Prism       Conj/Hex       ###.......   22%         4    ####...

Your spell library contained the following spells:

 Spells                   Type           Power        Failure   Level  Hunger
 Searing Ray              Conj           ####..       1%          2    None
 Dazzling Spray           Conj/Hex       ###...       7%          3    ##.....
 Force Lance              Conj/Tloc      ###.....     32%         4    ####...


Dungeon Overview and Level Annotations

Branches:
Dungeon (4/15)
 Temple: D:4-7

Altars:


Message History

The ice beast is moderately wounded.
The orb of energy explodes!
The ice beast barely misses you.
Casting: Iskenderun's Mystic Blast (safe; 10% risk of failure)
Confirm with . or Enter, or press ? or * to list all spells.
Aiming: Iskenderun's Mystic Blast (safe; 10% risk of failure)
Press: ? - help, Shift-Dir - straight line, f/p - ice beast
Aim: an ice beast (moderately wounded)
The orb of energy misses the ice beast.
The ice beast hits you. The ice beast freezes you!
Ouch! That really hurt!
* * * LOW HITPOINT WARNING * * *
Casting: Iskenderun's Mystic Blast (safe; 10% risk of failure)
Confirm with . or Enter, or press ? or * to list all spells.
Aiming: Iskenderun's Mystic Blast (safe; 10% risk of failure)
Press: ? - help, Shift-Dir - straight line, f/p - ice beast
Aim: an ice beast (moderately wounded)
The orb of energy hits the ice beast!
The ice beast is severely wounded.
The orb of energy explodes!
The ice beast hits you.
You die...

#####.##...........# #.#
.............#####.# #.#
###.#.##..##.# #.# #.#
...........#.#####.# #.#
...................##########.#
.........<....................#
.###.#.##..#.#####.##########.###
...†.............................
........#..#####@#.##########.###
.......#......##Y#.####.# #.#
...#.#.#.#........(##...# #.#
......)............##...#####.###
.....#.#...###.....##............
#......#.########..####.#####.###
...................#.............
.....####....P.....##.#.#####.###
##...#.)'...####....#.#.# #.# #


You could see an ice beast.

Vanquished Creatures
  A gnoll (D:1)
  5 adders
  An ooze (D:2)
  3 worms
  A dart slug (D:3)
  4 leopard geckos
  8 orcs (D:3)
  6 bats
  4 giant cockroaches
  6 goblins
  10 hobgoblins
  4 jackals (D:2)
  4 quokkas
  3 ball pythons
  4 frilled lizards
  8 kobolds
  10 rats
82 creatures vanquished.

Notes
Turn   | Place    | Note
-------+----------+-------------------------------------------
     0 | D:1      | Norian the Deep Elf Conjurer began the quest for the Orb.
     0 | D:1      | Reached XP level 1. HP: 10/10 MP: 6/6
     6 | D:1      | Reached XP level 2. HP: 15/15 MP: 0/8
   612 | D:1      | Reached skill level 5 in Conjurations
   612 | D:1      | Reached XP level 3. HP: 19/19 MP: 6/10
  1573 | D:2      | Reached XP level 4. HP: 24/24 MP: 4/12
  1871 | D:3      | Learned a level 4 spell: Iskenderun's Mystic Blast
  1876 | D:3      | Learned a level 4 spell: Fulminant Prism
  2098 | D:3      | Reached skill level 5 in Spellcasting
  2098 | D:3      | Reached skill level 1 in Hexes
  2228 | D:3      | Reached XP level 5. HP: 17/28 MP: 3/14
  2973 | D:4      | Noticed an ice beast
  2986 | D:3      | Slain by an ice beast

Levels and vault maps discovered:
D:1:      erik_arrival_blinker_ship, layout_loops_ring
D:2:      layout_basic, minmay_statues_item
D:3:      corexii_shack_village, layout_basic, minmay_unequal
D:4:      layout_loops_ring, nicolae_overflow_hidden_temple, first_ration,
          sigmund_army

Skill      XL: |  1  2  3  4 |
---------------+-------------+-----
Spellcasting   | 4 5 |  5.4
Conjurations   | 5 |  5.8
Hexes          | 1 |  1.8
Dodging        | |  2.4
Stealth        | |  2.4

Action                   |  1- 3 |  4- 6 || total
-------------------------+-------+-------++-------
Melee: Unarmed           |     2 |       ||     2
 Cast: Magic Dart        |    94 |    84 ||   178
       Iskenderun's Myst |       |     3 ||     3
  Use: Scroll            |       |     2 ||     2
  Eat: Chunk             |     1 |     4 ||     5
Armor: Robe              |     1 |       ||     1
Dodge: Dodged            |     5 |     3 ||     8
